 Dungeon Crawl Stone Soup version 0.17-a0-1-g1f4be75 (webtiles) character file.

23 timbw the Caller (level 2, -6/11 HPs)
             Began as a Felid Summoner on Mar 4, 2015.
             Mangled by an orc priest
             ... wielding a +0 falchion
             ... summoned by a shadow trap
             ... triggered by the player character
              (11 damage)
             ... on level 5 of the Dungeon.
             The game lasted 00:02:57 (487 turns).

timbw the Caller (Felid Summoner)                    Turns: 487, Time: 00:02:57

Health: -6/11      AC:  2    Str:  4    XL:     2   Next: 72%
Magic:  3/5        EV: 18    Int: 16    God:
Gold:   13         SH:  0    Dex: 16    Spells: 2 memorised, 2 levels left
                                        Lives:  0   Deaths: 0

rFire  . . .     SeeInvis +     (weapon unavailable)
rCold  . . .     Clarity  .     (armour unavailable)
rNeg   . . .     SustAb   .     (shield unavailable)
rPois  .         Gourm    .     (helmet unavailable)
rElec  .         Spirit   .     (cloak unavailable)
rCorr  .         Warding  .     (gloves unavailable)
rMut   .         Stasis   .     (boots unavailable)
MR     .....                    (no amulet)
Stlth  +++.......               (no ring)
                                e - +1 ring of protection

@: quick, not resistant to hostile enchantments, fairly stealthy
A: paw claws, no armour, no weapons or thrown items, fangs 3, see invisible,
carnivore 3, speed 1, shaggy fur 1, slow metabolism 1, sharp paws
a: no special abilities


You were on level 5 of the Dungeon.
You were not hungry.

You visited 1 branch of the dungeon, and saw 5 of its levels.

You collected 13 gold pieces.

Inventory:

Jewellery
 e - a +1 ring of protection (left paw)
Potions
 g - a potion of curing
Books
 b - a book of Callings

   Spells                             Type                      Level
   a - Summon Small Mammal            Summoning                    1
   b - Call Imp                       Summoning                    2
   c - Call Canine Familiar           Summoning                    3
   d - Summon Guardian Golem          Hexes/Summoning              4
   e - Summon Lightning Spire         Summoning/Air                4
   f - Summon Ice Beast               Ice/Summoning                4
Comestibles
 c - a meat ration
 d - 2 chunks of flesh


   Skills:
 - Level 2.6 Dodging
 - Level 2.6 Stealth
 - Level 2.0 Spellcasting
 + Level 4.8 Summonings


You had 2 spell levels left.
You knew the following spells:

 Your Spells              Type           Power        Failure   Level  Hunger
a - Summon Small Mammal   Summ           ###.         3%          1    #......
b - Call Imp              Summ           ###.....     6%          2    ###....


Dungeon Overview and Level Annotations

Branches:
Dungeon (5/15)
 Temple: D:4-7

Altars:
Cheibriados
Fedhas
Makhleb
Trog
Vehumet


Innate Abilities, Weirdness & Mutations

You cannot wear armour.
You are incapable of wielding weapons or throwing items.
You have razor-sharp teeth.
You have supernaturally acute eyesight.
You are carnivorous and can eat meat at any time.
You cover ground quickly.
You are covered in fur (AC +1).
You have a slow metabolism.
Your paws have sharp claws that are effective at stabbing.


Message History

The worker ant zombie is destroyed!
You swap places.
Your iron imp disappears in a puff of smoke!
A quokka comes into view.
The quokka moves out of view.
Shadows whirl around you...
The orc priest shouts!
Your shadow imp hits the orc priest.
Found a slice of pizza and a golden potion.
There is a dormant shadow trap here.
You scratch the orc priest.
The orc priest begins to bleed from its wounds!
The orc priest is moderately wounded.
Your crimson imp hits the iguana but does no damage.
Your shadow imp hits the orc priest.
The giant frog skeleton barely misses you.
The hound skeleton misses you. The orc wizard misses your crimson imp.
The orc priest hits you with a falchion!
Ouch! That really hurt!
You die...

. #. #.# #. # #.# .
#. .#.####. !.
.#.##.. # #. .....#
# #% #.#..# #
#o#######.#..# #
#Z@Zl5oo.....# #
####o..5.....######
#.#####.........
#.# #.#.#####. #.#
#.#.# #. #.# #.#.#
#. #.# #.#<# #. #.#
#.... .. ... ###.#
#.


You could see an iguana, 2 orc priests, 2 orc wizards, a hound skeleton, a giant
frog skeleton, a friendly crimson imp and a friendly shadow imp.

Vanquished Creatures
  A rat (D:1)
1 creature vanquished.

Vanquished Creatures (collateral kills)
  A worker ant zombie (D:5)
  A gnoll (D:1)
  A giant gecko (D:3)
  A goblin (D:5)
  2 hobgoblins
  7 jackals
  2 kobolds
  A quokka (D:3)
  A rat (D:2)
17 creatures vanquished.

Vanquished Creatures (others)
  6 bats (D:1)
  2 quokkas (D:1)
  2 rats
10 creatures vanquished.

Grand Total: 28 creatures vanquished

Notes
Turn   | Place    | Note
--------------------------------------------------------------
     0 | D:1      | timbw, the Felid Summoner, began the quest for the Orb.
     0 | D:1      | Reached XP level 1. HP: 7/7 MP: 4/4
   188 | D:2      | Reached XP level 2. HP: 11/11 MP: 1/5
   193 | D:2      | Learned a level 2 spell: Call Imp
   350 | D:4      | Found a radiant altar of Vehumet.
   350 | D:4      | Found a burning altar of Makhleb.
   350 | D:4      | Found a bloodstained altar of Trog.
   350 | D:4      | Found a snail-covered altar of Cheibriados.
   350 | D:4      | Found a blossoming altar of Fedhas.
   359 | D:5      | Entered Level 5 of the Dungeon
   487 | D:5      | Mangled by an orc priest

Action                   || total
-------------------------++-------
Melee: Unarmed           ||     9
 Cast: Summon Small Mamm ||    16
       Call Imp          ||    10
  Use: Scroll            ||     3
 Stab: Distracted        ||     1
  Eat: Chunk             ||     1
